 Dungeon Crawl Stone Soup version 0.29-a0-234-g0dae59b3db (webtiles) character file.

Game seed: 18221156245681705238

4 Gargoyl the Skirmisher (level 1, -1/14 HPs)
             Began as a Gargoyle Abyssal Knight on Mar 2, 2022.
             Was an Initiate of Lugonu.
             Slain by an endoplasm (3 damage)
             ... on level 1 of the Dungeon.
             The game lasted 00:00:17 (222 turns).

Gargoyl the Skirmisher (Gargoyle Abyssal Knight)     Turns: 222, Time: 00:00:17

Health: -1/14      AC:  5    Str: 16    XL:     1   Next: 60%
Magic:  2/2        EV: 11    Int: 10    God:    Lugonu [......]
Gold:   9          SH:  0    Dex: 10    Spells: 0/0 levels left

rFire   . . .      SeeInvis .   a - +1 hand axe
rCold   . . .      Faith    .   (no shield)
rNeg    + . .      Spirit   .   b - +0 leather armour
rPois   ∞          Reflect  .   (no helmet)
rElec   +          Harm     .   (no cloak)
rCorr   .          Rampage  .   (no gloves)
Will    .....                   (no boots)
Stlth   +.........              (no amulet)
HPRegen 0.04/turn               (no ring)
MPRegen 0.08/turn               (no ring)

@: no status effects
A: sickness immunity, AC +2, negative energy resistance 1, electricity
resistance, torment resistance 1, petrification resistance
a: Renounce Religion


You were on level 1 of the Dungeon.
You worshipped Lugonu.
Lugonu was noncommittal.
You visited 1 branch of the dungeon, and saw 1 of its levels.
You visited the Abyss 1 time.

You collected 9 gold pieces.

Inventory:

Hand Weapons
 a - a +1 hand axe (weapon)
Armour
 b - a +0 leather armour (worn)


   Skills:
 + Level 3.4 Fighting
 + Level 1.8 Axes
 + Level 2.2 Armour
 + Level 0.7 Dodging
 + Level 2.1 Invocations


You couldn't memorise any spells.
You didn't know any spells.
Your spell library was empty.

Dungeon Overview and Level Annotations

Branches:
Dungeon (1/15)

Altars:


Innate Abilities, Weirdness & Mutations

You are immune to sickness and miasma.
Your stone body is resilient. (AC +2)
You are immune to poison.
You resist negative energy. (rN+)
You are resistant to electric shocks. (rElec)
You are resistant to unholy torment.
You are immune to petrification.


Message History

You hit the quokka but do no damage. The quokka closely misses you.
You hit the quokka.
The quokka is moderately wounded.
You closely miss the ball python. The quokka bites you.
The ball python misses you. The ball python grabs you.
The ball python constricts you. The quokka bites you.
The ball python bites you but does no damage.
The ball python constricts you.
You hit the quokka.
The quokka is severely wounded.
You barely miss the ball python.
The ball python bites you but does no damage.
The ball python constricts you.
The quokka bites you but does no damage.
Unknown command.
You closely miss the quokka.
The quokka is heavily wounded.
You slash the ball python!
You kill the ball python!
Lugonu accepts your kill. The quokka closely misses you.
The quokka barely misses you.
You hit the quokka.
The quokka is almost dead.
The quokka bites you.
Unknown command.
The quokka barely misses you.
You hit the quokka.
You kill the quokka!
Lugonu accepts your kill.
You see here a quokka corpse.
An endoplasm comes into view.
Found a stone staircase leading down.
The endoplasm quivers.
The endoplasm freezes you.
You are frozen.
* * * LOW HITPOINT WARNING * * *
You hit the endoplasm.
The endoplasm is lightly wounded.
The endoplasm hits you.
You die...

...#..#.....#.# .#
...#..#..#..#.##.#
......###†..#..#.#
.<.#......#.##.#.# ##
...#.....##.##.#.# .
###....#....##.#.#.#
#.....####.##†..#.#####
.......# #..†..........
....##..# #####J@#.####
....###.#..............#
...# .#.######.#######
.. #.> ####


You could see an endoplasm.

Vanquished Creatures
  2 quokkas (D:1)
  A ball python (D:1)
  A bat (D:1)
4 creatures vanquished.

Notes
Turn   | Place    | Note
-------+----------+-------------------------------------------
     0 | Abyss:1  | Gargoyl the Gargoyle Abyssal Knight began the quest for the
                  | Orb.
     0 | Abyss:1  | Reached XP level 1. HP: 14/14 MP: 2/2
     0 | D:1      | Escaped the Abyss
   222 | D:1      | Slain by an endoplasm

Illustrated notes

Levels and vault maps discovered:
D:1:      erik_arrival_blinker_ship, layout_basic,
          dreamdust_ecumenical_altar_grove, serial_shops, shop_coins,
          interstate_on_off

Action                   || total
-------------------------++-------
Melee: Hand axe          ||    20
Invok: Depart the Abyss  ||     1
Armor: Leather armour    ||    11
Dodge: Dodged            ||    19

Table legend: (Time is in decaauts)
 A = Elapsed time spent in this place.
 B = Non-inter-level travel time spent in this place.
 C = Inter-level travel time spent in this place.
 D = Time resting spent in this place.
 E = Time spent auto-exploring this place.
 F = Levels seen in this place.
 G = Mean time per level.
                   A        B        C        D        E       F      G
               +--------+--------+--------+--------+--------+-----+--------+
         Total |    225 |    225 |      0 |      0 |    182 |   2 |  112.5 |
       Dungeon |    225 |    225 |      0 |      0 |    182 |   1 |  225.0 |
         Abyss |      0 |      0 |      0 |      0 |      0 |   1 |    0.0 |
               +--------+--------+--------+--------+--------+-----+--------+

Top non-repeatable levels by time:
     D:1: 225 daAuts
